 Dungeon Crawl Stone Soup version 0.31-a0-963-ga325b2283a (webtiles) character file.

Game seed: 3705120569946729713

56 EC1 the Covered (level 4, -2/30 HPs)
             Began as a Human Wanderer on Oct 25, 2023.
             Slain by an adder (4 damage)
             ... on level 2 of the Dungeon.
             The game lasted 00:06:24 (1550 turns).

EC1 the Covered (Human Wanderer)                    Turns: 1550, Time: 00:06:25

Health: -2/30      AC:  2    Str: 11 (13) XL:     4   Next: 17%
Magic:  3/5        EV: 10    Int: 14 (15) God:
Gold:   99         SH:  4    Dex:  9 (11) Spells: 4/5 levels left

rFire   . . .        a - +0 club (flame)
rCold   . . .        b - +0 buckler
rNeg    . . .        (no body armour)
rPois   .            (no helmet)
rElec   .            e - +0 cloak
rCorr   .            (no gloves)
SInv    .            h - +0 pair of boots
Will    .....        (no amulet)
Stlth   +            (no ring)
HPRegen 0.25/turn    (no ring)
MPRegen 0.09/turn

%: no passive effects
@: lethally poisoned (-2 -> -5)
A: no striking features
a: no special abilities


You were on level 2 of the Dungeon.
You visited 1 branch of the dungeon, and saw 2 of its levels.

You collected 99 gold pieces.

Inventory:

Hand Weapons
 a - a +0 club of flaming (weapon)
 g - a +0 lajatang
 n - a +0 battleaxe
Armour
 b - a +0 buckler (worn)
 d - a +0 chain mail
 e - a +0 cloak (worn)
 h - a +0 pair of boots (worn)
Jewellery
 i - an amulet of reflection
Wands
 l - a wand of digging (2)
Scrolls
 j - a scroll of identify
Potions
 c - 2 potions of attraction
 f - a potion of berserk rage
 k - a potion of curing
 m - a potion of heal wounds


   Skills:
 + Level 0.2 Fighting
 + Level 1.1 Maces & Flails
 + Level 5.4 Armour
 + Level 0.1 Dodging
 + Level 2.7 Shields
 + Level 1.3 Spellcasting
 + Level 1.3 Summonings
 + Level 1.0 Evocations


You had 4 spell levels left.
You knew the following spells:

 Your Spells              Type           Power      Damage    Failure   Level
a - Summon Small Mammal   Summ           16%        N/A       21%         1

Your spell library contained the following spells:

 Spells                   Type           Power      Damage    Failure   Level
 Shock                    Conj/Air       0%         1d3       36%         1
 Blink                    Tloc           0%         N/A       50%         2
 Lesser Beckoning         Tloc           0%         N/A       50%         2
 Momentum Strike          Conj/Tloc      0%         3d8       50%         2
 Summon Guardian Golem    Hex/Summ       2%         N/A       63%         3
 Swiftness                Air            0%         N/A       73%         3
 Airstrike                Air            0%         2d(0-16)  98%         4


Dungeon Overview and Level Annotations

Branches:
Dungeon (2/15)

Altars:


Message History

You add the spells Blink, Momentum Strike and Lesser Beckoning to your library.
You see here a +0 ring mail.
Your rat disappears in a puff of smoke!
An adder comes into view.
The adder hisses angrily.
Casting: Summon Small Mammal (safe; 21% risk of failure)
Confirm with . or Enter, or press ? or * to list all spells.
The adder bites you.
You are poisoned.
The adder poisons you!
You feel sick.
You swap places.
You feel sick. The adder bites your rat.
Your rat is poisoned.
The adder poisons your rat!
Your rat misses the adder.
You feel sick.
Your rat dies!
Your rat's corpse disappears in a puff of smoke!
The adder bites you.
* * * LOW HITPOINT WARNING * * *
You feel sick. The adder attacks as it pursues you!
The adder bites you but does no damage.
Casting: Summon Small Mammal (safe; 21% risk of failure)
Confirm with . or Enter, or press ? or * to list all spells.
You feel sick. The adder barely misses you.
You feel sick.
You swap places.
You feel sick.
You are no longer poisoned.
The adder barely misses your rat. The adder bites your rat.
Your rat dies!
Your rat's corpse disappears in a puff of smoke!
The adder bites you.
* * * LOW HITPOINT WARNING * * *
You are lethally poisoned!
The adder poisons you!
You barely miss the adder.
* * * LOW HITPOINT WARNING * * *
You feel sick. The adder bites you.
* * * LOW HITPOINT WARNING * * *
The adder bites you.
You die...

#...###...†....
#...# #.###...#
#...# #.# #.#.#
#...# #.# #.#.#
#...# #.# #.#.#
#...# #.# #....
#.### #.# ###.#
#######.# #.
.... #..S@.[.#
####. #.#######
# #.# #.# #.#
#.# #.# ... #..


You could see an adder.

Vanquished Creatures
  3 adders (D:2)
  2 worms (D:2)
  3 goblins (D:2)
  3 hobgoblins
  2 quokkas
  6 ball pythons (D:1)
  A bat (D:1)
  A rat (D:1)
21 creatures vanquished.

Vanquished Creatures (collateral kills)
  An endoplasm (D:2)
  A hobgoblin (D:2)
2 creatures vanquished.

Grand Total: 23 creatures vanquished

Notes
Turn   | Place    | Note
-------+----------+-------------------------------------------
     0 | D:1      | EC1 the Human Wanderer began the quest for the Orb.
     0 | D:1      | EC1 set off with the following items: a +0 club, a +0
                  | buckler, a potion of attraction, a +0 chain mail; and the
                  | following spell memorised: Summon Small Mammal; and the
                  | following spells available to memorise: Summon Guardian
                  | Golem.
     0 | D:1      | Reached XP level 1. HP: 13/13 MP: 2/2
   666 | D:1      | Reached XP level 2. HP: 17/19 MP: 0/3
  1010 | D:2      | Reached XP level 3. HP: 16/24 MP: 2/4
  1437 | D:2      | Reached XP level 4. HP: 30/30 MP: 2/5
  1505 | D:2      | Reached skill level 1 in Maces & Flails
  1550 | D:2      | Slain by an adder

Illustrated notes

Levels and vault maps discovered:
D:1:      lightli_arrival_lavapool, layout_basic, serial_glass, glass_columns_b,
          glass_columns_a, glass_columns_a
D:2:      layout_basic

Skill      XL: |  1  2  3  4 |
---------------+-------------+-----
Maces & Flails | 1 |  1.1
Fighting       | |  0.2
Armour         | |  5.4
Dodging        | |  0.1
Shields        | |  2.7
Spellcasting   | |  1.3
Summonings     | |  1.3
Evocations     | |  1.0

Action                     |  1- 3 |  4- 6 || total
---------------------------+-------+-------++-------
  Melee: Club              |   147 |     6 ||   153
   Cast: Summon Small Mamm |       |     6 ||     6
    Use: Potion            |     4 |       ||     4
         Scroll            |     3 |       ||     3
 Armour: Chain mail        |   102 |     3 ||   105
         Skin              |       |     9 ||     9
  Dodge: Dodged            |    37 |     2 ||    39
  Block: Buckler           |    71 |     1 ||    72

Table legend: (Time is in decaauts)
 A = Elapsed time spent in this place.
 B = Non-inter-level travel time spent in this place.
 C = Inter-level travel time spent in this place.
 D = Time resting spent in this place.
 E = Time spent auto-exploring this place.
 F = Levels seen in this place.
 G = Mean time per level.
                   A        B        C        D        E       F      G
               +--------+--------+--------+--------+--------+-----+--------+
         Total |   1607 |   1607 |      0 |    100 |    144 |   2 |  803.5 |
       Dungeon |   1607 |   1607 |      0 |    100 |    144 |   2 |  803.5 |
               +--------+--------+--------+--------+--------+-----+--------+

Top non-repeatable levels by time:
     D:1: 995 daAuts
     D:2: 612 daAuts
